 Dungeon Crawl Stone Soup version 0.27-a0-1442-g87b6fcb595 (webtiles) character file.

Game seed: 17776629959360156668

36 nyamberluvr69 the Skirmisher (level 3, -3/60 HPs)
             Began as an Ogre Berserker on July 4, 2021.
             Was a Follower of Trog.
             Slain by a goblin (6 damage)
             ... led by Robin
             ... on level 1 of the Dungeon.
             The game lasted 00:01:52 (1462 turns).

nyamberluvr69 the Skirmisher (Ogre Berserker)       Turns: 1462, Time: 00:01:53

Health: -3/60      AC:  3    Str: 22    XL:     3   Next: 37%
Magic:  3/3        EV: 10    Int:  8    God:    Trog [*.....]
Gold:   32         SH:  0    Dex:  8    Spells: 2/2 levels left

rFire    . . .     SeeInvis .   c - +0 morningstar
rCold    . . .     Faith    .   (no shield)
rNeg     . . .     Spirit   .   b - +0 animal skin
rPois    .         Reflect  .   (helmet restricted)
rElec    .         Harm     .   (no cloak)
rCorr    .         Rampage  .   (gloves unavailable)
Will     .....                  (boots unavailable)
Stlth    ..........             (no amulet)
HPRegen  0.20/turn              (no ring)
MPRegen  0.08/turn              (no ring)

@: berserking (expiring), very quick
A: large, unfitting armour, tough skin 1
a: Renounce Religion, Berserk


You were on level 1 of the Dungeon.
You worshipped Trog.
Trog was aware of your devotion.
You visited 1 branch of the dungeon, and saw 2 of its levels.

You collected 32 gold pieces.

Inventory:

Hand Weapons
 a - a +0 mace
 c - a +0 morningstar (weapon)
Armour
 b - a +0 animal skin (worn)
Scrolls
 f - a scroll of magic mapping {unknown}
 g - a scroll of teleportation {unknown}
Potions
 d - a potion of lignification {unknown}
 e - a potion of heal wounds {unknown}


   Skills:
 + Level 4.6 Fighting
 * Level 3.6 Maces & Flails
 - Level 2.6 Dodging


You had 2 spell levels left.
You didn't know any spells.
Your spell library was empty.

Dungeon Overview and Level Annotations

Branches:
Dungeon (2/15)

Altars:

Annotations:
D:2 Robin


Innate Abilities, Weirdness & Mutations

You are too large for most types of armour.
You have tough skin. (AC +1)


Message History

The goblins go into a battle-frenzy!
The goblin closely misses you.
You completely miss the goblin.
The goblin is moderately wounded.
Robin throws the goblin at you! The goblin hits you with a +0 club.
The goblin hits you with a +5 dagger. The goblin hits you with a +3 dagger.
You completely miss the goblin.
The goblin is moderately wounded.
The hobgoblin barely misses you. The goblin hits you with a +5 dagger!
The goblin hits you with a +0 club. The goblin hits you with a +0 dagger.
The goblin hits you with a +3 dagger.
You are too injured to fight recklessly!
You are too injured to fight recklessly!
You are too injured to fight recklessly!
You are too injured to fight recklessly!
The hobgoblin hits you.
* * * LOW HITPOINT WARNING * * *
You climb upwards.
You feel a strong urge to attack something.
There is a stone staircase leading down here.
Unknown command.
You puncture the goblin!
You kill the goblin!
Trog accepts your kill.
You closely miss the goblin.
The goblin is moderately wounded.
The hobgoblin hits you.
* * * LOW HITPOINT WARNING * * *
The goblin hits you with a +0 club.
* * * LOW HITPOINT WARNING * * *
You closely miss the goblin.
The goblin is moderately wounded.
The hobgoblin hits you but does no damage.
The goblin misses you.
You barely miss the goblin.
The goblin is moderately wounded.
The hobgoblin hits you.
* * * LOW HITPOINT WARNING * * *
The goblin hits you with a +0 club.
You die...

#.# #..#.........)....# # #####.#
#.##8###8##..##.######♣ ......#
#..#.....#......#.....P #######
#.................####.
#.#..####...#.###.....♣ #
##...#####..##.# #.####♣
##########.....gg##..##.###......
...........#####g##..##.##...####
♣♣########.# #@##..##.......# # ♣
#.......# #g##..#####...(### ♣
#.#####.# #g##..######.#.##. ♣
#.# #.#####g...........#.#.. #
#.# #.......###.###.####.... ♣
##.# ##...#### #.# #.####....
♣♣♣..# ###.# #.###......##.
PP♣♣##### #.# #.........##.#
♣..♣....# #.# #..###.#..#(##


You could see 2 hobgoblins and 4 goblins.

Vanquished Creatures
  A dart slug (D:1)
  7 ball pythons (D:1)
  3 endoplasms (D:1)
  A giant cockroach (D:1)
  3 hobgoblins (D:1)
  A quokka (D:1)
  2 bats (D:1)
  A frilled lizard (D:1)
  5 goblins (D:1)
  4 kobolds (D:1)
  2 rats (D:1)
30 creatures vanquished.

Notes
Turn   | Place    | Note
-------+----------+-------------------------------------------
     0 | D:1      | nyamberluvr69 the Ogre Berserker began the quest for the
                  | Orb.
     0 | D:1      | Reached XP level 1. HP: 24/24 MP: 1/1
   258 | D:1      | Reached XP level 2. HP: 32/32 MP: 2/2
   752 | D:1      | Reached XP level 3. HP: 34/40 MP: 3/3
  1452 | D:2      | Noticed Robin
  1462 | D:1      | HP: 3/60 [hobgoblin[Robin] (6)]
  1462 | D:1      | Slain by a goblin

Illustrated notes

Levels and vault maps discovered:
D:1:      scummos_arrival_simple_crosswalls, layout_loops_ring, serial_forest,
          infiniplex_forest_end_1, infiniplex_forest_clump_C,
          infiniplex_forest_split, infiniplex_forest_fountain,
          infiniplex_forest_clump_curved, infiniplex_forest_corner_1,
          infiniplex_forest_zigzag_1, minmay_bisected
D:2:      layout_rooms, serial_shops, shop, minmay_fractal_squares_5,
          uniq_robin, uniq_natasha

Skill      XL: |  1 |
---------------+----+-----
Maces & Flails | 3 |  3.6
Fighting       | |  4.6
Dodging        | |  2.6

Action                   || total
-------------------------++-------
Melee: Mace              ||     8
       Morningstar       ||    77
Invok: Berserk           ||     2
 Stab: Sleeping          ||     1
Armor: Animal skin       ||    34
Dodge: Dodged            ||    59

Table legend: (Time is in decaauts)
 A = Elapsed time spent in this place.
 B = Non-inter-level travel time spent in this place.
 C = Inter-level travel time spent in this place.
 D = Time resting spent in this place.
 E = Time spent auto-exploring this place.
 F = Levels seen in this place.
 G = Mean time per level.
                   A        B        C        D        E       F      G
               +--------+--------+--------+--------+--------+-----+--------+
         Total |   1494 |   1448 |     46 |    163 |   1073 |   2 |  747.0 |
       Dungeon |   1494 |   1448 |     46 |    163 |   1073 |   2 |  747.0 |
               +--------+--------+--------+--------+--------+-----+--------+

Top non-repeatable levels by time:
     D:1: 1488 daAuts
     D:2: 5 daAuts
